 Dungeon Crawl Stone Soup version 0.29.1-15-g9cfb28693d (webtiles) character file.

Game seed: 16443339957677670717

16748 Hugehornet the Conjurer (level 11, 0/80 HPs)
             Began as a Demigod Conjurer on Mar 23, 2023.
             Splashed by a jelly's acid (7 damage)
             ... on level 4 of the Lair of Beasts.
             The game lasted 01:20:53 (20019 turns).

Hugehornet the Conjurer (Demigod Conjurer)         Turns: 20019, Time: 01:20:53

Health: 0/80       AC:  2    Str: 12    XL:     11   Next: 84%
Magic:  33/35      EV: 11    Int: 28    God:
Gold:   450        SH:  5    Dex: 12    Spells: 3/25 levels left

rFire   + . .      SeeInvis +   m - staff of conjuration
rCold   . . .      Faith    .   (no shield)
rNeg    . . .      Spirit   .   q - +3 leather armour of Lekhiseuso {rF+}
rPois   .          Reflect  +   (no helmet)
rElec   .          Harm     .   (no cloak)
rCorr   .          Rampage  .   (no gloves)
Will    +....                   z - +0 pair of boots
Stlth   ++........              l - amulet of reflection
HPRegen 0.23/turn               S - ring of magical power
MPRegen 0.24/turn               (no ring)

@: lethally poisoned (0 -> -18), about to teleport, corroded
A: high MP 1, forlorn, divine attributes, iridescent scales 1, see invisible,
frail 1
a: no special abilities


You were on level 4 of the Lair of Beasts.
You visited 2 branches of the dungeon, and saw 15 of its levels.

You collected 912 gold pieces.
You spent 462 gold pieces at shops.

Inventory:

Hand Weapons
 v - a +3 whip of flaming
Missiles
 d - 2 throwing nets
Armour
 c - a +0 chain mail
 q - the +3 leather armour of Lekhiseuso (worn) {rF+}
   (You bought it in a shop on level 4 of the Dungeon)

   rF:        It protects you from fire.
 y - a +0 ring mail
 z - a +0 pair of boots (worn)
 E - a +0 plate armour
 G - a +0 scale mail of fire resistance
 K - +0 steam dragon scales
 N - a +0 troll leather armour
Magical Staves
 m - a staff of conjuration (weapon)
 C - a staff of poison
 I - a staff of death
Jewellery
 l - an amulet of reflection (around neck)
 J - a ring of fire
 S - a ring of magical power (left hand)
Wands
 a - a wand of quicksilver (17)
 o - a wand of roots (24)
 p - a wand of flame (22)
 L - a wand of polymorph (1)
Scrolls
 e - 4 scrolls of torment {unknown}
 f - 3 scrolls of teleportation
 i - 3 scrolls of amnesia
 k - 3 scrolls of magic mapping
 s - 2 scrolls of acquirement {unknown}
 t - 2 scrolls of vulnerability {unknown}
 u - a scroll of blinking {unknown}
 w - a scroll of enchant armour {unknown}
 x - 2 scrolls of enchant weapon
 B - 3 scrolls of fear {unknown}
 D - 3 scrolls of poison {unknown}
 M - 2 scrolls of immolation {unknown}
 Q - a scroll of brand weapon {unknown}
 R - 3 scrolls of noise {unknown}
Potions
 b - a potion of attraction
 g - a potion of invisibility
 h - a potion of heal wounds
 j - 3 potions of resistance
 n - 5 potions of haste
 r - a potion of lignification
 A - 8 potions of curing
 F - a potion of brilliance
 H - 2 potions of mutation
 O - 2 potions of ambrosia
 P - a potion of might
 T - a potion of magic


   Skills:
 + Level 6.1 Fighting
 - Level 2.2 Staves
 * Level 6.9 Armour
 - Level 1.7 Dodging
 - Level 1.7 Stealth
 * Level 7.5 Spellcasting
 * Level 7.9 Conjurations
 - Level 6.0 Hexes
 * Level 4.5 Necromancy
 - Level 6.0 Translocations
 - Level 6.0 Fire Magic


You had 3 spell levels left.
You knew the following spells:

 Your Spells              Type           Power      Damage    Failure   Level
a - Magic Dart            Conj           100%       1d8       1%          1
b - Searing Ray           Conj           100%       2d8       1%          2
c - Dazzling Flash        Conj/Hex       100%       N/A       1%          3
d - Fulminant Prism       Conj/Hex       32%        3d16      3%          4
e - Iskenderun's Mystic   Conj/Tloc      65%        2d13      3%          4
f - Sticky Flame          Conj/Fire      65%        2d8       3%          4
g - Dispel Undead         Necr           35%        3d15      10%         4

Your spell library contained the following spells:

 Spells                   Type           Power      Damage    Failure   Level
 Static Discharge         Conj/Air       49%        3-10/arc  1%          2
 Summon Guardian Golem    Hex/Summ       27%        N/A       5%          3
 Beastly Appendage        Tmut           20%        N/A       6%          1
 Summon Small Mammal      Summ           40%        N/A       6%          1
 Mephitic Cloud           Conj/Pois/Air  38%        N/A       6%          3
 Ignite Poison            Fire/Tmut/Pois 21%        N/A       9%          3
 Wereblood                Tmut           10%        N/A       10%         2
 Call Canine Familiar     Summ           10%        N/A       19%         3
 Frozen Ramparts          Ice            20%        1d4       19%         3
 Spider Form              Tmut/Pois      10%        N/A       19%         3
 Irradiate                Conj/Tmut      24%        3d19      34%         5
 Freezing Cloud           Conj/Ice/Air   19%        6-21      52%         5
 Ice Form                 Ice/Tmut       10%        N/A       54%         4
 Summon Ice Beast         Ice/Summ       10%        N/A       54%         4
 Blade Hands              Tmut           5%         N/A       87%         5
 Dragon Form              Tmut           5%         N/A       100%        7


Dungeon Overview and Level Annotations

Branches:
Dungeon (11/15)            Temple (0/1) D:6            Lair (3/5) D:10
  Swamp (0/4) Lair:2        Slime (0/5) Lair:4          Orc (0/2) D:11
  Snake: Lair:2-3    Spider: Lair:2-3

Shops:
D:4 [   D:6 :

Annotations:
D:10 1 runed translucent door, Hyawatha's ghost, novice TrGl


Innate Abilities, Weirdness & Mutations

You have an increased reservoir of magic. (+10% MP)
You shall have no god before yourself.
Your divine heritage dramatically boosts your attributes as you level up.
You are partially covered in iridescent scales. (AC +2)
You have supernaturally acute eyesight. (SInv)
You are frail. (-10% HP)


Message History

The black mamba hisses angrily.
Found a war axe. 2 dream sheep come into view.
The dream sheep bleats!
The dream sheep shake their wool and sparkle.
You feel drowsy...
You fall asleep.
A dream sheep comes into view. x2
The dream sheep bleats! x2
The black mamba bites you!!
You wake up.
The jelly closely misses you.
You hear an angry hiss.
The slime creature quivers.
You hear a bleat!
You hear a bellow!
As you read the scroll of teleportation, it crumbles to dust.
You feel strangely unstable. The black mamba bites you! x2
* * * LOW HITPOINT WARNING * * *
The jelly hits you.
* * * LOW HITPOINT WARNING * * *
The acid corrodes you!
You are splashed with acid!
* * * LOW HITPOINT WARNING * * *
The death yak snorts and paws the ground.
The jelly attacks as you move away! The jelly barely misses you.
A dream sheep comes into view.
The dream sheep bleats!
A komodo dragon comes into view.
The black mamba bites you!
* * * LOW HITPOINT WARNING * * *
You are lethally poisoned!
The black mamba poisons you!
A dream sheep comes into view.
You feel much better.
* * * LOW HITPOINT WARNING * * *
You feel very sick.
The komodo dragon hisses angrily.
The black mamba barely misses you.
The dream sheep shake their wool and sparkle.
You feel drowsy...
You fall asleep.
The jelly hits you.
You wake up.
* * * LOW HITPOINT WARNING * * *
The acid corrodes you!
You are splashed with acid!
You die...

...............
.Y.Y............
...Y.............
..Y...............
....Y...........P.
.......[........P.
..)...Y...........
.......@S.........
...l....JJ......# ##
...##....Y......# ..# .
####.#..##.#####..#
.........##..#.#..#
.........YY.......### .. P..#
#......#.#.J...#....# ...
#..###......##.....#...##
...###...###......##...#.....##


You could see 3 death yaks, a slime creature, a komodo dragon, a black mamba, 6
dream sheep and 2 jellies.

Vanquished Creatures
  A two-headed ogre (D:9)
  A death yak (Lair:4)
  Pikel (D:4)
  A bog body (Lair:2)
  2 oklob plants (D:10)
  Joseph (D:8)
  2 black mambas
  A cane toad (Lair:1)
  Maggie (D:8)
  An unseen horror (D:11)
  A kobold demonologist (D:10)
  5 komodo dragons
  3 trolls
  Grinder (D:4)
  Sigmund (D:5)
  A wraith (D:7)
  2 wyverns (D:9)
  10 yaks
  3 basilisks
  Grum (D:11)
  4 vampire mosquitoes (D:10)
  3 acid dragons
  Menkaure (D:5)
  5 water moccasins
  Duvessa (D:4)
  3 ice beasts
  Pargi (D:4)
  4 orc warriors
  2 black bears
  An ogre (D:7)
  2 sky beasts
  7 wolves
  9 centaurs
  2 lemures (D:4)
  2 kobold brigands (D:7)
  8 bullfrogs
  2 gnoll sergeants (D:9)
  A necrophage (D:6)
  2 scorpions
  9 wights
  Dowan (D:4)
  7 killer bees
  6 howler monkeys
  2 jellies
  3 gnoll boudas
  4 hounds
  3 orc priests
  An iguana (D:5)
  12 orc wizards
  25 gnolls
  10 adders
  3 shadow imps
  A white imp (D:6)
  A worm (D:3)
  40 orcs
  4 bats
  5 endoplasms
  2 giant cockroaches
  3 goblins
  4 hobgoblins
  4 jackals (D:2)
  15 kobolds
  8 quokkas
  8 ball pythons
  4 frilled lizards
  4 rats
  A fulminant prism (Lair:1)
290 creatures vanquished.

Vanquished Creatures (others)
  An orc (D:4)
  35 fulminant prisms
  18 fungi
  18 plants
72 creatures vanquished.

Grand Total: 362 creatures vanquished

Notes
Turn   | Place    | Note
-------+----------+-------------------------------------------
     0 | D:1      | Hugehornet the Demigod Conjurer began the quest for the
                  | Orb.
     0 | D:1      | Reached XP level 1. HP: 14/14 MP: 5/5
   608 | D:1      | Reached XP level 2. HP: 20/20 MP: 3/7
  1049 | D:1      | Learned a level 2 spell: Searing Ray
  1501 | D:2      | Reached XP level 3. HP: 26/26 MP: 6/9
  1700 | D:2      | Reached skill level 1 in Armour
  2172 | D:3      | Reached XP level 4. HP: 33/33 MP: 1/11
  3179 | D:4      | Noticed Grinder
  3190 | D:4      | Killed Grinder
  3191 | D:4      | Reached skill level 1 in Fighting
  3191 | D:4      | Reached XP level 5. HP: 30/40 MP: 1/13
  3191 | D:4      | Reached XP level 6. HP: 35/47 MP: 1/14
  3437 | D:4      | Found a transporter.
  3468 | D:4      | Noticed Pikel
  3743 | D:4      | Killed Pikel
  3744 | D:4      | Reached skill level 5 in Conjurations
  3744 | D:4      | Reached XP level 7. HP: 40/56 MP: 7/17
  3876 | D:4      | Learned a level 3 spell: Dazzling Flash
  4032 | D:4      | Found a transporter.
  4441 | D:4      | Noticed Dowan
  4445 | D:4      | Noticed Pargi
  4445 | D:4      | Noticed Duvessa
  4460 | D:5      | Entered Level 5 of the Dungeon
  4917 | D:5      | Reached skill level 1 in Hexes
  5127 | D:5      | Reached skill level 5 in Spellcasting
  5127 | D:5      | Reached XP level 8. HP: 62/62 MP: 13/19
  5149 | D:5      | Reached skill level 1 in Staves
  5310 | D:5      | Noticed Menkaure
  5317 | D:5      | Killed Menkaure
  5608 | D:5      | Noticed Sigmund
  5613 | D:5      | Killed Sigmund
  5834 | D:6      | Found Zucvyeh's Book Emporium.
  6247 | D:6      | Found a staircase to the Ecumenical Temple.
  6845 | D:6      | Identified the +0 falchion of Makhleb {venom, Will++}
  7188 | D:7      | Reached skill level 5 in Armour
  7188 | D:7      | Reached XP level 9. HP: 71/71 MP: 7/21
  7193 | D:7      | Learned a level 4 spell: Fulminant Prism
  7198 | D:7      | Learned a level 4 spell: Iskenderun's Mystic Blast
  7203 | D:7      | Learned a level 4 spell: Sticky Flame
  7901 | D:7      | Reached skill level 1 in Translocations
  7901 | D:7      | Reached skill level 1 in Fire Magic
  8678 | D:4      | Killed Dowan
  8679 | D:4      | Killed Duvessa
  8766 | D:4      | Killed Pargi
  8922 | D:4      | Found Fycheoha's Antique Armour Emporium.
  8930 | D:4      | Bought a brightly glowing leather armour for 154 gold
                  | pieces
  8930 | D:4      | Identified the +3 leather armour of Lekhiseuso {rF+} (You
                  | bought it in a shop on level 4 of the Dungeon)
  9123 | D:4      | Reached skill level 5 in Hexes
 10339 | D:8      | Noticed Joseph
 10374 | D:8      | Noticed Maggie
 10387 | D:8      | Killed Maggie
 10668 | D:8      | Reached skill level 1 in Necromancy
 10873 | D:8      | Killed Joseph
 10874 | D:8      | Reached XP level 10. HP: 6/80 MP: 2/22
 11315 | D:8      | Reached skill level 5 in Fighting
 13674 | D:9      | Noticed a two-headed ogre
 13683 | D:9      | Killed a two-headed ogre
 13947 | D:10     | Entered Level 10 of the Dungeon
 14502 | D:10     | Noticed an oklob plant
 14556 | D:10     | Reached skill level 5 in Translocations
 14556 | D:10     | Reached skill level 5 in Fire Magic
 14853 | D:10     | Reached XP level 11. HP: 60/88 MP: 20/25
 14978 | D:10     | Gained mutation: You are partially covered in iridescent
                  | scales. (AC +2) [potion of mutation]
 14978 | D:10     | Gained mutation: You are frail. (-10% HP) [potion of
                  | mutation]
 14978 | D:10     | Gained mutation: You have supernaturally acute eyesight.
                  | (SInv) [potion of mutation]
 15324 | D:10     | Found a runed translucent door.
 15326 | D:10     | Identified the +5 spear "Vieckoen" {flame, rPois Dex+4}
 15326 | D:10     | Noticed Hyawatha's ghost (novice TrGl)
 15645 | D:10     | Learned a level 4 spell: Dispel Undead
 15936 | D:11     | Found a staircase to the Orcish Mines.
 16045 | D:11     | Noticed Grum
 16049 | D:11     | Killed Grum
 17025 | D:10     | Found a staircase to the Lair.
 17214 | D:6      | Bought a Trismegistus Codex for 308 gold pieces
 17390 | Lair:1   | Entered Level 1 of the Lair of Beasts
 18510 | Lair:2   | Found a staircase to the Swamp.
 18511 | Lair:2   | Noticed a bog body
 18529 | Lair:2   | Killed a bog body
 18740 | Lair:2   | Noticed a boulder beetle
 19928 | Lair:3   | Noticed a six-headed hydra
 19948 | Lair:3   | You fall into a shaft and drop 1 floor!
 19961 | Lair:4   | Noticed a death yak
 19971 | Lair:4   | Killed a death yak
 19972 | Lair:4   | Noticed a death yak
 19972 | Lair:4   | Noticed a death yak
 19972 | Lair:4   | Noticed a death yak
 19973 | Lair:4   | Noticed a death yak
 19973 | Lair:4   | Noticed a death yak
 19990 | Lair:4   | Noticed a death yak
 19990 | Lair:4   | Noticed a death yak
 20001 | Lair:4   | Found a staircase to the Slime Pits.
 20018 | Lair:4   | HP: 1/80 [black mamba (13)]
 20019 | Lair:4   | Splashed by a jelly's acid

Illustrated notes

Levels and vault maps discovered:
D:1:      scummos_arrival_simple_fountains, layout_loops_ring
D:2:      layout_rooms
D:3:      layout_loops_corners, nicolae_ecumenical_pavilion, minivault_14
D:4:      gammafunk_cloud_chamber, layout_cave_pods,
          nicolae_qazlal_general_emergency, nicolae_uskayaw_suspiria,
          nicolae_gozag_cash_rules_everything_around_me, serial_shops,
          nicolae_shop_behind_doors, uniq_pargi, uniq_duvessa, uniq_pikel,
          uniq_grinder
D:5:      layout_cave_pools, general_overflow_altar, lemuel_crystal_altar,
          lightli_temple_of_fire, uniq_menkaure, uniq_sigmund
D:6:      layout_basic, elyvilon_altar_5, minmay_temple_entry_overgrown,
          serial_shops, shop, hex_intersection
D:7:      layout_loops_corners, mainiacjoe_overflow_alcove_1,
          nrook_mini_backslash
D:8:      layout_cave_pods, fedhas_altar_1, okawaru_trees_2, uniq_maggie,
          uniq_joseph
D:9:      layout_loops_ring, nicolae_dithmenos_the_darkroom,
          minmay_fractal_squares_5
D:10:     layout_loops_ring, lemuel_doored_altar, dpeg_oklobed_lair,
          ebering_ghost_funeral_grove
D:11:     layout_roguey, david_orc_2, uniq_grum
Lair:1:   layout_roguey, infiniplex_staircase_pool
Lair:2:   layout_gridlike, skrybe_swamp_entry_bodies
Lair:3:   layout_long_grid, hellmonk_spider_entry_life_and_decay,
          nicolae_volcano_entry_two_sided, kilobyte_rumbling_trees
Lair:4:   layout_gridlike, minmay_slime_entry_pillars, nzn_sisyphean_effort

Skill      XL: |  1  2  3  4  5  6  7  8  9 10 11 |
---------------+----------------------------------+-----
Spellcasting   | 2 3 4 5 6 7 |  7.5
Armour         | 2 4 5 6 |  6.9
Fighting       | 1 2 3 4 5 6 |  6.1
Conjurations   | 4 5 6 7 |  7.9
Hexes          | 1 3 5 6 |  6.0
Staves         | 2 |  2.2
Translocations | 3 5 6 |  6.0
Fire Magic     | 3 5 6 |  6.0
Necromancy     | 1 3 4 |  4.5
Dodging        | |  1.7
Stealth        | |  1.7

Action                   |  1- 3 |  4- 6 |  7- 9 | 10-12 || total
-------------------------+-------+-------+-------+-------++-------
Melee: Unarmed           |    21 |       |       |       ||    21
       Staff             |     5 |       |    29 |    15 ||    49
 Cast: Magic Dart        |    87 |    45 |   121 |    80 ||   333
       Searing Ray       |     1 |    11 |    87 |   102 ||   201
       Fulminant Prism   |       |       |     2 |    34 ||    36
       Dazzling Flash    |       |       |     2 |       ||     2
       Iskenderun's Myst |       |       |       |     9 ||     9
  Use: Scroll            |       |       |     8 |    10 ||    18
       Potion            |       |       |       |     6 ||     6
Armor: Robe              |     5 |       |       |       ||     5
       Leather armour    |     6 |     9 |    56 |    79 ||   150
       Scale mail        |       |       |     2 |       ||     2
Dodge: Dodged            |    22 |     9 |    95 |   113 ||   239
Block: Other             |       |       |       |    43 ||    43
       Reflection        |       |       |       |     2 ||     2
